 Dungeon Crawl Stone Soup version 0.21-a0-91-ga5031da (webtiles) character file.

639 Ijustatesigmund the Fighter (level 7, -2/81 HPs)
             Began as an Ogre Fighter on June 30, 2017.
             Slain by Duvessa
             ... wielding a +1 short sword of draining
              (12 damage)
             ... on level 4 of the Dungeon.
             The game lasted 00:05:15 (3406 turns).

Ijustatesigmund the Fighter (Ogre Fighter)          Turns: 3406, Time: 00:05:17

Health: -2/81      AC:  3    Str: 21    XL:     7   Next: 51%
Magic:  7/7        EV:  6    Int:  9    God:
Gold:   126        SH:  8    Dex: 10    Spells: 6/6 levels left

rFire    . . .     SeeInvis .   a - +0 trident
rCold    . . .     Gourm    .   c - +1 shield
rNeg     . . .     Faith    .   b - +0 robe
rPois    .         Spirit   .   (helmet restricted)
rElec    .         Reflect  .   (no cloak)
rCorr    .         Harm     .   (gloves unavailable)
MR       .....                  (boots unavailable)
Stlth    +.........             e - amulet of regeneration
HPRegen  0.63/turn              (no ring)
MPRegen  0.10/turn              (no ring)

@: heavily drained
A: unfitting armour, tough skin 1
a: no special abilities


You were on level 4 of the Dungeon.
You were hungry.

You visited 1 branch of the dungeon, and saw 4 of its levels.

You collected 126 gold pieces.

Inventory:

Hand Weapons
 a - a +0 trident (weapon)
Armour
 b - a +0 robe (worn)
 c - a +1 shield (worn)
Jewellery
 e - an amulet of regeneration (around neck)
Wands
 k - a wand of clouds (4/9)
 l - a wand of lightning (3/15)
Scrolls
 h - 2 scrolls of recharging
Potions
 j - a potion of brilliance
Comestibles
 f - 2 bread rations
 g - a fruit
 i - a meat ration


   Skills:
 + Level 8.3(5.5) Fighting
 + Level 5.9(3.3) Polearms
 - Level 2.6(0.3) Dodging
 - Level 2.6(0.3) Shields


You had 6 spell levels left.
You didn't know any spells.

Dungeon Overview and Level Annotations

Branches:
Dungeon (4/15)
 Temple: D:4-7

Altars:
Nemelex Xobeh

Annotations:
D:4 Dowan, Duvessa


Innate Abilities, Weirdness & Mutations

You are too large for most types of armour.
You have tough skin. (AC +1)


Message History

Dowan blinks!
Okay, then.
You barely miss Duvessa.
Duvessa is lightly wounded.
You block Duvessa's attack. Duvessa barely misses you.
You hit Duvessa but do no damage.
Duvessa is lightly wounded.
Duvessa hits you with a short sword of draining!
* * * LOW HITPOINT WARNING * * *
You feel drained.
* * * LOW HITPOINT WARNING * * *
Dowan says, "Stay away from my face!"
You closely miss Duvessa.
Duvessa is lightly wounded.
Duvessa hits you with a short sword of draining!
* * * LOW HITPOINT WARNING * * *
You feel drained.
* * * LOW HITPOINT WARNING * * *
Duvessa hits you with a short sword of draining!
You die...

'### .# .# .# .#
.#################
.................#
.###############.#
.#.............#@#
##.####.######.#e#
........# #.#o#
##.####.# #.#e#
...# #.# #.#.#
#### #.# #.#..
#.######.#..
#........#.#
##########


You could see Duvessa (berserk), Dowan and an orc.

Vanquished Creatures
  Grinder (D:4)
  A centaur (D:2)
  2 crimson imps
  A hound (D:4)
  A bullfrog skeleton (D:4)
  Jessica (D:2)
  10 adders
  2 oozes
  A worm (D:2)
  4 dart slugs
  A leopard gecko (D:3)
  11 orcs
  2 ball pythons
  7 goblins
  10 hobgoblins
  12 jackals
  14 kobolds
  3 quokkas
  7 bats
  6 frilled lizards
  4 rats
101 creatures vanquished.

Notes
Turn   | Place    | Note
-------+----------+-------------------------------------------
     0 | D:1      | Ijustatesigmund the Ogre Fighter began the quest for the Orb.
     0 | D:1      | Reached XP level 1. HP: 24/24 MP: 1/1
    90 | D:1      | Reached XP level 2. HP: 33/33 MP: 2/2
   247 | D:1      | Reached XP level 3. HP: 35/40 MP: 3/3
   369 | D:1      | Reached skill level 5 in Fighting
   748 | D:2      | Noticed Jessica
   754 | D:2      | Killed Jessica
   754 | D:2      | Reached XP level 4. HP: 43/50 MP: 4/4
   982 | D:2      | Found a sparkling altar of Nemelex Xobeh.
  1338 | D:2      | Noticed a centaur
  1342 | D:2      | Killed a centaur
  1342 | D:2      | Reached skill level 6 in Fighting
  1342 | D:2      | Reached XP level 5. HP: 17/59 MP: 5/5
  2064 | D:3      | Reached XP level 6. HP: 57/68 MP: 6/6
  2641 | D:3      | Reached skill level 7 in Fighting
  3011 | D:4      | Reached skill level 5 in Polearms
  3067 | D:4      | Noticed Grinder
  3084 | D:4      | Killed Grinder
  3084 | D:4      | Reached skill level 8 in Fighting
  3084 | D:4      | Reached XP level 7. HP: 36/80 MP: 7/7
  3383 | D:4      | Noticed Dowan
  3384 | D:4      | Noticed Duvessa
  3406 | D:4      | Slain by Duvessa

Vault maps used:
D:1:      lightli_arrival_windingriver
D:2:      nemelex_xobeh_ov_fountains_minmay, uniq_jessica
D:3:      kennysheep_big_flooded_room
D:4:      first_bread, uniq_grinder, uniq_duvessa

Skill      XL: |  1  2  3  4  5  6 |
---------------+-------------------+-----
Fighting       | 5 6 8 |  8.3
Polearms       | 3 4 5 |  5.9
Dodging        | |  2.6
Shields        | |  2.6

Action                   |  1- 3 |  4- 6 |  7- 9 || total
-------------------------+-------+-------+-------++-------
Melee: Trident           |    86 |   270 |    67 ||   423
  Use: Scroll            |     1 |     5 |     1 ||     7
       Potion            |       |     2 |       ||     2
 Stab: Sleeping          |     1 |     4 |       ||     5
       Distracted        |     1 |     1 |       ||     2
  Eat: Chunk             |       |     7 |     1 ||     8
Armor: Robe              |    23 |    47 |    10 ||    80
Dodge: Dodged            |    21 |    72 |    18 ||   111
Block: Shield            |    20 |   106 |    33 ||   159
